[Event "December 5 Early 2023"]
[Site "https://www.chess.com"]
[Date "2023.12.05"]
[Round "8"]
[White "Dimitrijevic, Darko"]
[Black "Topalov, Aleksandar"]
[Result "1-0"]
[Board "137"]
[TimeControl "180+1"]
[WhiteFideId "14500892"]
[BlackFideId "925659"]
[WhiteElo "2214"]
[BlackElo "2435"]
[WhiteTeam "CRO"]
[BlackTeam "SRB"]
[WhiteClock "0:00:43"]
[BlackClock "0:00:12"]

1. g3 Nf6 2. Bg2 g6 3. b3 Bg7 4. Bb2 O-O 5. d3 c5 6. Nd2 d6 7. e4 Nc6 8. Ne2 Rb8 9. a4 a6 10. O-O b5 11. axb5 axb5 12. h3 Bb7 13. c3 Nd7 14. Qc2 Qb6 15. Kh2 Ra8 16. f4 h5 17. Nf3 b4 18. c4 Nd4 19. Nexd4 cxd4 20. Qf2 e5 21. f5 Rxa1 22. Rxa1 Ra8 23. Rxa8+ Bxa8 24. fxg6 fxg6 25. Ng5 Nf6 26. h4 Qd8 27. Bh3 Qe7 28. Bc1 Bc6 29. Qa2 Ng4+ 30. Bxg4 hxg4 31. Qa6 Be8 32. Qc8 Bf6 33. Qe6+ Qxe6 34. Nxe6 Bd7 35. Nc7 Bd8 36. Nd5 Ba5 37. Nf6+ 1-0

[Event "December 5 Early 2023"]
[Site "https://www.chess.com"]
[Date "2023.12.05"]
[Round "8"]
[White "Dobre, Claudiu-Cristian"]
[Black "Vifleemskaia, Svetlana"]
[Result "1-0"]
[Board "138"]
[TimeControl "180+1"]
[WhiteFideId "1211854"]
[BlackFideId "4129490"]
[WhiteElo "2469"]
[BlackElo "2272"]
[WhiteTeam "ROU"]
[BlackTeam "RUS"]
[WhiteClock "0:00:22"]
[BlackClock "0:00:00"]

1. d4 Nf6 2. Nf3 d5 3. e3 c5 4. c3 Nc6 5. Bd3 Bg4 6. Nbd2 cxd4 7. exd4 e6 8. Qa4 a6 9. Ne5 Rc8 10. Nxc6 Rxc6 11. Bxa6 Ke7 12. Bb5 Rc7 13. Qa3+ Qd6 14. Qxd6+ Kxd6 15. Bd3 Kd7 16. h4 Bd6 17. O-O Ra8 18. a3 e5 19. dxe5 Bxe5 20. Nb3 h6 21. Be3 Bd6 22. Bd4 Ne4 23. f3 Ng3 24. fxg4 Nxf1 25. Rxf1 f6 26. g5 hxg5 27. hxg5 Be5 28. gxf6 gxf6 29. Rf3 Kd6 30. Kf2 1-0

[Event "December 5 Early 2023"]
[Site "https://www.chess.com"]
[Date "2023.12.05"]
[Round "8"]
[White "Colonetti, Fabio"]
[Black "Kaplan, Avi Harrison"]
[Result "0-1"]
[Board "139"]
[TimeControl "180+1"]
[WhiteFideId "897612"]
[BlackFideId "30934559"]
[WhiteElo "2271"]
[BlackElo "2456"]
[WhiteTeam "ITA"]
[BlackTeam "USA"]
[WhiteClock "0:00:17"]
[BlackClock "0:00:16"]

1. d4 d6 2. Nf3 Nf6 3. Nc3 g6 4. e4 Bg7 5. Be2 O-O 6. O-O Bg4 7. h3 Bxf3 8. Bxf3 Nc6 9. Be3 e5 10. d5 Ne7 11. g4 c6 12. g5 Ne8 13. Bg4 f5 14. gxf6 Nxf6 15. Be6+ Kh8 16. Qd2 cxd5 17. exd5 Nf5 18. Bg5 Qb6 19. Kh1 Nd4 20. Be3 Nh5 21. Ne2 Qd8 22. Nxd4 exd4 23. Bxd4 Qh4 24. Bxg7+ Nxg7 25. Rae1 Nxe6 26. Rxe6 Qxh3+ 27. Kg1 Qg4+ 28. Kh1 Rf3 29. Re3 Raf8 30. Qc3+ Kg8 31. Qc7 Rxe3 0-1

[Event "December 5 Early 2023"]
[Site "https://www.chess.com"]
[Date "2023.12.05"]
[Round "8"]
[White "Vorons, Uldis"]
[Black "Berezin, Viktor"]
[Result "1-0"]
[Board "140"]
[TimeControl "180+1"]
[WhiteFideId "11611758"]
[BlackFideId "14107872"]
[WhiteElo "2270"]
[BlackElo "2426"]
[WhiteTeam "LAT"]
[BlackTeam "UKR"]
[WhiteClock "0:01:26"]
[BlackClock "0:01:03"]

1. e4 g6 2. d4 Bg7 3. Nc3 d6 4. Nf3 Nf6 5. Bg5 O-O 6. Qd2 c6 7. O-O-O b5 8. e5 Ne8 9. Ne4 Be6 10. Kb1 Bd5 11. Bd3 a5 12. Bh6 Na6 13. Bxg7 Nxg7 14. Ng3 Nb4 15. Qh6 Bxa2+ 16. Ka1 Ne6 17. Nh5 f5 18. Ng5 Rf7 19. Nxf7 Kxf7 20. Qxh7+ Ke8 21. Qxg6+ Kd7 22. Bxf5 a4 23. Nf4 a3 24. Bxe6+ Kc7 25. b3 Kb7 26. c3 Qa5 27. cxb4 Qxb4 28. Kxa2 1-0

[Event "December 5 Early 2023"]
[Site "https://www.chess.com"]
[Date "2023.12.05"]
[Round "8"]
[White "Mushini Ajay"]
[Black "Martin, Lewis"]
[Result "0-1"]
[Board "141"]
[TimeControl "180+1"]
[WhiteFideId "35066188"]
[BlackFideId "410551"]
[WhiteElo "2412"]
[BlackElo "2270"]
[WhiteTeam "IND"]
[BlackTeam "ENG"]
[WhiteClock "0:00:01"]
[BlackClock "0:00:50"]

1. d4 d5 2. Bf4 Nf6 3. e3 c5 4. c3 Nc6 5. Nd2 cxd4 6. exd4 Bf5 7. Qb3 Qb6 8. Qxb6 axb6 9. Bc7 e6 10. Bxb6 Bd6 11. Bc5 Bxc5 12. dxc5 O-O 13. Ngf3 e5 14. b4 Rfe8 15. Bb5 Ra3 16. c4 Bd3 17. Rc1 Rxa2 18. cxd5 Bxb5 19. dxc6 bxc6 20. Ng5 Nd5 21. Nc4 Nxb4 22. O-O Nd3 23. Rc3 Bxc4 24. Rxc4 Ra5 25. Ne4 Rea8 26. g4 h6 27. h4 Ra4 28. Rxa4 Rxa4 29. f3 Rc4 30. Rd1 Nxc5 31. Rd8+ Kh7 32. Nd6 Rc1+ 33. Kf2 Ne6 34. Re8 Rc2+ 35. Ke1 Nd4 36. Nxf7 Nxf3+ 37. Kd1 Rd2+ 38. Kc1 Rd4 39. h5 g6 40. Rh8+ Kg7 41. hxg6 Rxg4 42. Nxh6 Rg1+ 43. Kc2 Kxh8 44. Nf5 Rxg6 45. Ne7 Nd4+ 46. Kd3 Rg1 0-1

[Event "December 5 Early 2023"]
[Site "https://www.chess.com"]
[Date "2023.12.05"]
[Round "8"]
[White "Hernandez Jimenez, Alexander Andres"]
[Black "Ernst, Luca"]
[Result "1-0"]
[Board "142"]
[TimeControl "180+1"]
[WhiteFideId "3900452"]
[BlackFideId "45117055"]
[WhiteElo "2371"]
[BlackElo "2262"]
[WhiteTeam "VEN"]
[BlackTeam "FRA"]
[WhiteClock "0:00:09"]
[BlackClock "0:00:00"]

1. e4 e5 2. Nf3 Nc6 3. Bc4 Nf6 4. d3 h6 5. c3 Be7 6. O-O d6 7. Re1 g5 8. d4 g4 9. dxe5 dxe5 10. Qxd8+ Bxd8 11. Nfd2 Be7 12. Nf1 Bc5 13. b4 Bb6 14. Be3 Bxe3 15. Nxe3 Ne7 16. Nd5 Nfxd5 17. exd5 f6 18. Nd2 Bf5 19. Ne4 Bxe4 20. Rxe4 h5 21. Rf1 O-O-O 22. f4 Nxd5 23. fxe5 fxe5 24. Bxd5 Rxd5 25. Rf5 h4 26. Rfxe5 Rxe5 27. Rxe5 Rd8 28. Kf2 Rd2+ 29. Re2 Rd3 30. Re8+ Kd7 31. Rg8 Rxc3 32. Rxg4 h3 33. gxh3 Rxh3 34. Kg2 Ra3 35. h4 Rxa2+ 36. Kg3 Rd2 37. h5 Rd6 38. Kh4 Ke7 39. Rg7+ Kd8 40. Kg5 Rd7 41. h6 1-0

[Event "December 5 Early 2023"]
[Site "https://www.chess.com"]
[Date "2023.12.05"]
[Round "8"]
[White "Zoete, Roelant"]
[Black "Kolmagorov, Alexey"]
[Result "0-1"]
[Board "143"]
[TimeControl "180+1"]
[WhiteFideId "40103269"]
[BlackFideId "34129402"]
[WhiteElo "2250"]
[BlackElo "2368"]
[WhiteTeam "NED"]
[BlackTeam "RUS"]
[WhiteClock "0:00:27"]
[BlackClock "0:00:10"]

1. e4 c5 2. Nc3 Nc6 3. f4 g6 4. Nf3 Bg7 5. Bb5 Nd4 6. O-O a6 7. Be2 e6 8. d3 Ne7 9. Qe1 b5 10. Bd1 Qb6 11. Kh1 O-O 12. Ne2 Nec6 13. c3 Nxe2 14. Bxe2 b4 15. c4 a5 16. Qh4 a4 17. f5 Qd8 18. Bg5 f6 19. Bh6 g5 20. Qh3 e5 21. Bxg7 Kxg7 22. Qg4 Rh8 23. h4 h5 24. Qg3 g4 25. Nh2 Qe7 26. Rae1 Nd4 27. Bd1 a3 28. b3 Bb7 29. Rf2 Kf8 30. Nf1 Ke8 31. Ne3 Kd8 32. Nd5 Bxd5 33. exd5 d6 34. Ref1 Kc7 35. Qe3 Qg7 36. g3 Kb6 37. Kg2 Rag8 38. Qe4 Qh6 39. Bc2 Rg7 40. Re1 Rhg8 41. Qe3 Qh7 42. Qe4 Nf3 43. Re3 Qh6 44. Kf1 Nd4 45. Ke1 Nf3+ 46. Kd1 Nd4 47. Kc1 Nf3 48. Kb1 Ng1 49. Kc1 Nh3 50. Rf1 Ra7 51. Bd1 Rag7 52. Qg2 Qxe3+ 53. Kc2 Qd4 54. Qe2 Qb2# 0-1

[Event "December 5 Early 2023"]
[Site "https://www.chess.com"]
[Date "2023.12.05"]
[Round "8"]
[White "Spichkin, Alexander"]
[Black "Garcia Correa, Jose Ricardo"]
[Result "0-1"]
[Board "144"]
[TimeControl "180+1"]
[WhiteFideId "4144074"]
[BlackFideId "5101832"]
[WhiteElo "2363"]
[BlackElo "2233"]
[WhiteTeam "RUS"]
[BlackTeam "MEX"]
[WhiteClock "0:00:15"]
[BlackClock "0:00:16"]

1. f4 e5 2. e4 d6 3. Nc3 exf4 4. Nf3 g5 5. h4 g4 6. Ng1 Be7 7. d4 Bxh4+ 8. Ke2 Bg5 9. Kd3 Nc6 10. Nd5 Nf6 11. Nxf4 Nb4+ 12. Kc3 Nxe4+ 13. Kxb4 d5 14. c3 Qd6+ 15. Kb3 Bxf4 16. Bxf4 Qxf4 17. Ne2 Qg5 18. Qc1 Qxc1 19. Rxc1 Bf5 20. Nf4 O-O-O 21. Rh5 Ng3 22. Rh6 Nxf1 23. Rxf1 Be4 24. Rf6 Rd7 25. Nh5 Bxg2 26. R1f2 Bf3 27. Rf1 c6 28. a4 Rg8 29. Rh6 Be2 30. Re1 Bc4+ 31. Kb4 f5 32. Nf6 Rg6 33. Re8+ Kc7 34. Rxg6 hxg6 35. Rg8 Rf7 36. Rxg6 b6 37. b3 a5+ 38. Ka3 Bd3 39. Nh5 f4 40. Rxg4 f3 41. Ng3 f2 42. Rg8 Rf3 43. Rg7+ Kb8 44. Rg8+ Kb7 45. Rg7+ Ka6 46. b4 axb4+ 47. cxb4 Rxg3 48. Rxg3 f1=Q 49. Rg8 Bc4 50. b5+ cxb5 51. axb5+ Kxb5 52. Kb2 Qe2+ 53. Kc3 Qd3+ 54. Kb2 Qxd4+ 55. Kc1 Qe3+ 56. Kb2 Qe2+ 57. Kc3 Qe5+ 58. Kd2 d4 59. Rg2 Qf4+ 60. Ke1 Qe4+ 61. Kf2 Qxg2+ 62. Kxg2 Kb4 63. Kf3 Kc3 64. Ke4 b5 0-1

[Event "December 5 Early 2023"]
[Site "https://www.chess.com"]
[Date "2023.12.05"]
[Round "8"]
[White "Barbot, Pierre"]
[Black "Petrukhina, Olga"]
[Result "1-0"]
[Board "145"]
[TimeControl "180+1"]
[WhiteFideId "663727"]
[BlackFideId "13703935"]
[WhiteElo "2314"]
[BlackElo "2230"]
[WhiteTeam "FRA"]
[BlackTeam "KAZ"]
[WhiteClock "0:00:04"]
[BlackClock "0:00:05"]

1. e4 e6 2. d4 d5 3. Nc3 dxe4 4. Nxe4 Nd7 5. Nf3 Ngf6 6. Bd3 Nxe4 7. Bxe4 Nf6 8. Bd3 c5 9. dxc5 Bxc5 10. O-O Qc7 11. Bg5 Bd7 12. Qd2 O-O-O 13. b4 Bd6 14. b5 h6 15. Be3 Nd5 16. Bd4 e5 17. Bb2 Nf4 18. Rfe1 Nxd3 19. cxd3 Bxb5 20. Rac1 Bc6 21. Nxe5 Bxe5 22. Bxe5 Qd7 23. Qa5 Rhe8 24. Re3 Rxe5 25. Rxe5 Qxd3 26. h3 Kb8 27. Qc3 Qd6 28. Qg3 Ka8 29. Re3 Qd7 30. Ra3 a6 31. Qe3 Qd6 32. Qb3 Qd7 33. Rb1 Qd6 34. Ra5 Qd5 35. Rxd5 Bxd5 36. Qb6 Rc8 37. a4 Bc6 38. a5 Rb8 39. Re1 Rc8 40. Re7 Rb8 41. Rc7 Rd8 42. Rxc6 Rb8 43. Rc7 Rc8 44. Qxb7# 1-0

[Event "December 5 Early 2023"]
[Site "https://www.chess.com"]
[Date "2023.12.05"]
[Round "8"]
[White "Shubhi Gupta"]
[Black "Cagara, Paulina"]
[Result "1-0"]
[Board "146"]
[TimeControl "180+1"]
[WhiteFideId "25195425"]
[BlackFideId "1124870"]
[WhiteElo "2296"]
[BlackElo "2223"]
[WhiteTeam "IND"]
[BlackTeam "POL"]
[WhiteClock "0:00:22"]
[BlackClock "0:00:25"]

1. d4 f5 2. Nf3 Nf6 3. Bg5 g6 4. Nc3 Bg7 5. Bxf6 Bxf6 6. e4 d6 7. Bd3 fxe4 8. Nxe4 Bg7 9. Qe2 O-O 10. O-O-O Nc6 11. h4 Nxd4 12. Nxd4 Bxd4 13. Bc4+ d5 14. Rxd4 e6 15. Ng5 Qf6 16. Rg4 dxc4 17. Qxc4 Qf5 18. h5 b5 19. Qe2 e5 20. hxg6 Qxg4 21. gxh7+ Kg7 22. Qxe5+ Kg6 23. h8=Q Rxh8 24. Qxh8 Qxg5+ 25. Kb1 Bb7 26. Qh7+ Kf6 27. Rh6+ Ke5 28. Qxc7+ Kf5 29. Qc5+ Kg4 30. Qb4+ Kf5 31. Qxb5+ Kg4 32. Qc4+ Kf5 33. g4+ Qxg4 34. Rf6+ Kxf6 35. Qxg4 Bd5 36. Qf4+ Ke6 37. b3 Rg8 38. Qe3+ Kd6 39. c4 Be6 40. f4 Rg1+ 41. Qxg1 Bf5+ 42. Kb2 a5 43. Qd4+ 1-0

[Event "December 5 Early 2023"]
[Site "https://www.chess.com"]
[Date "2023.12.05"]
[Round "8"]
[White "Cardozo Munar, Carlos Eduardo"]
[Black "Vila Dupla, Aurelio"]
[Result "1-0"]
[Board "147"]
[TimeControl "180+1"]
[WhiteFideId "4409477"]
[BlackFideId "2203383"]
[WhiteElo "2284"]
[BlackElo "2199"]
[WhiteTeam "COL"]
[BlackTeam "ESP"]
[WhiteClock "0:00:32"]
[BlackClock "0:00:00"]

1. d4 Nf6 2. Bg5 e6 3. Nd2 b6 4. e4 Be7 5. Bd3 h6 6. Bh4 Bb7 7. Qe2 Nc6 8. c3 e5 9. d5 Nb8 10. Ngf3 d6 11. O-O O-O 12. h3 Nbd7 13. Nc4 Nh7 14. Bg3 Nc5 15. Bc2 Bc8 16. b4 Nb7 17. Ne3 Ng5 18. Nxg5 Bxg5 19. f4 exf4 20. Bxf4 a5 21. Bxg5 Qxg5 22. Nf5 axb4 23. cxb4 Bd7 24. h4 Qf6 25. a4 Qe5 26. Qc4 Rfc8 27. Nd4 Qh5 28. Nf3 Bg4 29. Qc6 Nd8 30. Qc3 f6 31. a5 bxa5 32. bxa5 Nf7 33. a6 Bxf3 34. Rxf3 Qxh4 35. a7 Ne5 36. Rh3 Qg4 37. Qe3 Kh7 38. Kf2 c5 39. Bd1 Qg5 40. Qxg5 fxg5 41. Rb3 Rc7 42. Rba3 c4 43. Ra6 c3 44. Bc2 Nc4 45. Ke2 Nb6 46. e5+ Kh8 47. Rxb6 Rcxa7 48. Rxa7 Rxa7 49. exd6 Ra8 50. d7 1-0

[Event "December 5 Early 2023"]
[Site "https://www.chess.com"]
[Date "2023.12.05"]
[Round "8"]
[White "De Souza, Cristiano Gomes"]
[Black "Besso, Guadalupe"]
[Result "0-1"]
[Board "148"]
[TimeControl "180+1"]
[WhiteFideId "2151758"]
[BlackFideId "123161"]
[WhiteElo "2272"]
[BlackElo "2093"]
[WhiteTeam "BRA"]
[BlackTeam "ARG"]
[WhiteClock "0:00:18"]
[BlackClock "0:00:05"]

1. d4 Nf6 2. c4 e6 3. Nf3 Bb4+ 4. Bd2 Bxd2+ 5. Qxd2 Ne4 6. Qc2 f5 7. Nc3 Nxc3 8. Qxc3 O-O 9. g3 d6 10. Bg2 Nd7 11. O-O Qe7 12. Rfe1 Nf6 13. h4 Ne4 14. Qd3 Bd7 15. Nd2 d5 16. Nxe4 fxe4 17. Qc3 Qd6 18. Rac1 c6 19. cxd5 exd5 20. Qc5 Qf6 21. Rf1 e3 22. fxe3 Qe6 23. Qc3 Rxf1+ 24. Rxf1 Re8 25. Rf3 Qg6 26. Kf2 h5 27. Qd3 Qg4 28. Rf4 Qe6 29. e4 dxe4 30. Bxe4 Kh8 31. Bg6 Rd8 32. Bxh5 Qh3 33. Bf3 Qh2+ 34. Bg2 Re8 35. Qf3 Kg8 36. d5 Bh3 37. Re4 Rf8 38. Rf4 Re8 39. e4 cxd5 40. g4 Bxg2 41. Qg3 Qxg3+ 42. Kxg3 Bxe4 43. g5 d4 44. h5 d3 45. Kf2 d2 46. Ke2 Rd8 47. Rxe4 d1=Q+ 0-1

[Event "December 5 Early 2023"]
[Site "https://www.chess.com"]
[Date "2023.12.05"]
[Round "8"]
[White "Kim, Sergey"]
[Black "Yushko, Olga"]
[Result "0-1"]
[Board "149"]
[TimeControl "180+1"]
[WhiteFideId "13700570"]
[BlackFideId "14114500"]
[WhiteElo "2563"]
[BlackElo "2121"]
[WhiteTeam "KAZ"]
[BlackTeam "UKR"]
[WhiteClock "0:01:25"]
[BlackClock "0:01:57"]

1. d4 e6 2. c4 f5 3. g3 Nf6 4. Bg2 Be7 5. Nh3 O-O 6. O-O d6 7. Nf4 Qe8 8. Nc3 e5 9. Nfd5 Bd8 10. dxe5 dxe5 11. Nxf6+ Bxf6 12. Nd5 Bd8 13. e4 c6 14. Nc3 f4 15. f3 Be6 16. b3 Nd7 17. Qd6 Bb6+ 18. Kh1 Bd4 19. Bb2 fxg3 20. Nd1 Bc5 21. Qd2 Qh5 0-1

[Event "December 5 Early 2023"]
[Site "https://www.chess.com"]
[Date "2023.12.05"]
[Round "8"]
[White "Lopez Del Alamo, Antonio"]
[Black "Ginzburg, Yakov"]
[Result "0-1"]
[Board "150"]
[TimeControl "180+1"]
[WhiteFideId "2227339"]
[BlackFideId "4157176"]
[WhiteElo "2300"]
[BlackElo "2552"]
[WhiteTeam "ESP"]
[BlackTeam "RUS"]
[WhiteClock "0:00:00"]
[BlackClock "0:00:02"]

1. e4 c5 2. Nf3 e6 3. d3 d5 4. Nbd2 Nf6 5. g3 dxe4 6. dxe4 Bd7 7. Bg2 Bc6 8. Qe2 Nbd7 9. O-O Be7 10. a4 O-O 11. Re1 Qc7 12. b3 Rad8 13. Bb2 Rfe8 14. Red1 b6 15. Ne1 Qb7 16. f3 e5 17. Nc4 Qc7 18. Nd3 Bf8 19. Bc3 h5 20. Ne3 h4 21. Nb2 Nh5 22. Be1 Ndf6 23. Nbc4 Rd4 24. c3 Rd7 25. Bf2 Red8 26. Rxd7 Rxd7 27. Rd1 hxg3 28. hxg3 a6 29. Bh3 Rxd1+ 30. Qxd1 b5 31. axb5 axb5 32. Nb2 g6 33. c4 Bh6 34. Nd5 Nxd5 35. exd5 Be8 36. d6 Qa5 37. d7 Bxd7 38. Bxd7 Qc3 39. cxb5 Qxb2 40. b6 e4 41. f4 e3 42. Bxe3 Qc3 43. Qf3 Qxb3 44. b7 Nf6 45. Bc6 Bf8 46. Be4 c4 47. g4 Nd7 48. f5 Bc5 49. Bxc5 Qb2 50. fxg6 fxg6 51. Bd5+ Kg7 52. Qf7+ Kh6 53. Be3+ g5 54. Qe6+ Nf6 55. Qd7 Nxd7 0-1

[Event "December 5 Early 2023"]
[Site "https://www.chess.com"]
[Date "2023.12.05"]
[Round "8"]
[White "Franchini, Gabriele"]
[Black "Minko, Dmitry"]
[Result "1-0"]
[Board "151"]
[TimeControl "180+1"]
[WhiteFideId "806790"]
[BlackFideId "24188468"]
[WhiteElo "2291"]
[BlackElo "2504"]
[WhiteTeam "ITA"]
[BlackTeam "FID"]
[WhiteClock "0:00:09"]
[BlackClock "0:00:15"]

1. e4 e5 2. Nf3 Nc6 3. Nc3 Nf6 4. a3 d5 5. Bb5 dxe4 6. Nxe5 Bd7 7. Bxc6 bxc6 8. Nxd7 Qxd7 9. Qe2 Bd6 10. Nxe4 O-O 11. Nxf6+ gxf6 12. O-O Rae8 13. Qf3 Re5 14. d4 Rf5 15. Qg4+ Kh8 16. c3 Rg8 17. Qh3 Qe6 18. Be3 Qe4 19. g3 Qf3 20. Qg2 Qg4 21. Rae1 Rf3 22. Bc1 f5 23. Re3 Rxe3 24. fxe3 Rg5 25. e4 fxe4 26. Bxg5 Qxg5 27. Qxe4 Kg7 28. Qf3 f6 29. Re1 c5 30. Re2 cxd4 31. cxd4 h5 32. Kh1 Qc1+ 33. Kg2 Qg5 34. Qe3 Qg4 35. Qe4 Qg5 36. Qh4 Qg6 37. Rf2 Kf7 38. d5 Kg7 39. Qc4 Qg5 40. Qd4 h4 41. Qd3 Qg4 42. h3 Qg5 43. g4 Qc1 44. Qf3 Qh6 45. Qf5 Qg5 46. Qxg5+ fxg5 47. Rf5 Bf4 48. Kf3 Kg6 49. Ke4 Bd6 50. Kd3 Bg3 51. b3 Bd6 52. a4 a6 53. Kc4 a5 54. Kb5 Bb4 55. Kc6 Bd6 56. Kd7 Bg3 57. Kc8 Bd6 58. Kb7 Kh6 59. Ka6 Bb4 60. Rf7 Bd6 61. Kxa5 Kg6 62. Rf5 Bf4 63. Kb5 Bd2 64. Kc6 Be3 65. a5 Bf4 66. a6 Be3 67. b4 Bd2 68. b5 Be3 69. Kxc7 Bc5 70. b6 1-0

[Event "December 5 Early 2023"]
[Site "https://www.chess.com"]
[Date "2023.12.05"]
[Round "8"]
[White "Shinkarev, M"]
[Black "Sarkar, Justin"]
[Result "1-0"]
[Board "152"]
[TimeControl "180+1"]
[WhiteFideId "4145348"]
[BlackFideId "2010011"]
[WhiteElo "2482"]
[BlackElo "2289"]
[WhiteTeam "RUS"]
[BlackTeam "USA"]
[WhiteClock "0:01:20"]
[BlackClock "0:00:00"]

1. c4 Nf6 2. g3 d6 3. d4 c5 4. e3 g6 5. Bg2 Bg7 6. Ne2 O-O 7. Nbc3 Nc6 8. O-O Bd7 9. h3 Rc8 10. b3 a6 11. Ba3 Qa5 12. Bb2 b5 13. cxb5 axb5 14. dxc5 dxc5 15. Ne4 Rfd8 16. Nxf6+ Bxf6 17. Bxf6 exf6 18. Qc2 Nb4 19. Qb2 Qb6 20. Nf4 Bf5 21. Rfd1 Nd3 22. Nxd3 Bxd3 23. Qc3 c4 24. b4 Qe6 25. a4 bxa4 26. Rxa4 Qe5 27. Rc1 Qxc3 28. Rxc3 Rb8 29. Bc6 f5 30. b5 Rb6 31. Ra7 Be4 32. Bxe4 fxe4 33. Rxc4 Rxb5 34. Rxe4 Rf5 35. Kg2 h5 36. h4 Rf6 37. Ra5 Rdd6 38. Raa4 Rd2 39. Rf4 Rxf4 40. Rxf4 Rc2 41. Rd4 Kg7 42. Kf3 Rb2 43. Rd7 Rc2 44. Rb7 Rd2 45. Rc7 Rb2 46. Kg2 1-0

[Event "December 5 Early 2023"]
[Site "https://www.chess.com"]
[Date "2023.12.05"]
[Round "8"]
[White "Omariev, Maksim"]
[Black "Llari, Marc"]
[Result "1-0"]
[Board "153"]
[TimeControl "180+1"]
[WhiteFideId "4193423"]
[BlackFideId "651044269"]
[WhiteElo "2465"]
[BlackElo "2279"]
[WhiteTeam "RUS"]
[BlackTeam "FRA"]
[WhiteClock "0:00:02"]
[BlackClock "0:00:00"]

1. g4 e5 2. Bg2 Nc6 3. c4 h5 4. gxh5 Rxh5 5. d3 Bb4+ 6. Nc3 Nf6 7. a3 Bxc3+ 8. bxc3 d6 9. e4 Be6 10. Ne2 b6 11. f4 Bg4 12. h3 Bxe2 13. Qxe2 Qe7 14. O-O O-O-O 15. fxe5 Rxe5 16. Bf4 Rh5 17. d4 Rdh8 18. e5 dxe5 19. Bxc6 Qd6 20. dxe5 Qxc6 21. exf6 Qxf6 22. Rf3 Rxh3 23. Rxh3 Rxh3 24. Qg4+ Qe6 25. Qxe6+ fxe6 26. Be5 c5 27. Kg2 Rh5 28. Re1 Rf5 29. Re3 g5 30. Kg3 a6 31. Kg4 b5 32. cxb5 axb5 33. Bd6 Kd7 34. Be5 Kc6 35. Bg7 Kd5 36. Bh6 Rf4+ 37. Kxg5 Ra4 38. Bg7 Kc4 39. Rxe6 Rxa3 40. Rc6 b4 41. cxb4 Kxb4 42. Bf8 Rc3 43. Kf5 Kb5 44. Rc8 c4 45. Ke4 Rh3 46. Rc5+ Kb6 47. Rf5 c3 48. Bc5+ Kb5 49. Be3+ Kc4 50. Rc5+ Kb3 51. Kd3 Kb2 52. Rb5+ Ka3 53. Rc5 Kb2 54. Rb5+ Ka3 55. Rb8 c2 56. Rc8 1-0

[Event "December 5 Early 2023"]
[Site "https://www.chess.com"]
[Date "2023.12.05"]
[Round "8"]
[White "Rodriguez Santiago, Jaime"]
[Black "Lopusiewicz, Piotr"]
[Result "1-0"]
[Board "154"]
[TimeControl "180+1"]
[WhiteFideId "3100898"]
[BlackFideId "1116029"]
[WhiteElo "2267"]
[BlackElo "2434"]
[WhiteTeam "PUR"]
[BlackTeam "POL"]
[WhiteClock "0:00:13"]
[BlackClock "0:00:00"]

1. d4 Nf6 2. c4 e6 3. Nc3 d5 4. cxd5 exd5 5. Bg5 Be7 6. e3 h6 7. Bh4 O-O 8. Bd3 c6 9. Nge2 Nbd7 10. Qc2 Re8 11. O-O Ne4 12. Bxe7 Qxe7 13. Rae1 Nd6 14. Ng3 Qh4 15. f3 Nf6 16. e4 dxe4 17. fxe4 Ng4 18. h3 Qxg3 19. hxg4 Bxg4 20. e5 c5 21. dxc5 Nc8 22. Bc4 Be6 23. Ne4 Qh4 24. Bxe6 Rxe6 25. Nd6 Nxd6 26. cxd6 Rxe5 27. Rxe5 Qd4+ 28. Qf2 Qxe5 29. Qxf7+ Kh7 30. d7 Rd8 31. Rd1 Qxb2 32. Qf5+ Kh8 33. Qd5 Qb6+ 34. Kh1 Qc6 35. Qd3 a5 36. Qf5 b6 37. Qf7 Qf6 38. Qe8+ Kh7 39. Qe4+ Qg6 40. Qe2 Qf5 41. Qd2 a4 42. Kg1 b5 43. Qd6 h5 44. Qe7 Qf6 45. Qd6 Qxd6 46. Rxd6 Kg8 47. Rb6 Rxd7 48. Rxb5 Rd2 49. Rxh5 Rxa2 50. Ra5 Kf7 51. Kh2 a3 52. Kg3 Ke6 53. Kf3 1-0

[Event "December 5 Early 2023"]
[Site "https://www.chess.com"]
[Date "2023.12.05"]
[Round "8"]
[White "Dyulgerov, Volen"]
[Black "Shevchuk, Olexandr"]
[Result "1-0"]
[Board "155"]
[TimeControl "180+1"]
[WhiteFideId "2918978"]
[BlackFideId "14113775"]
[WhiteElo "2245"]
[BlackElo "2432"]
[WhiteTeam "BUL"]
[BlackTeam "UKR"]
[WhiteClock "0:02:12"]
[BlackClock "0:02:33"]

1. e4 c5 2. Nf3 e6 3. d4 cxd4 4. c3 Nc6 5. cxd4 Nce7 6. d5 exd5 7. exd5 Nf6 8. d6 Nf5 9. Qe2+ Ne7 10. Nc3 Qa5 11. Bd2 Qb6 12. Nb5 Rb8 13. Ng5 a6 14. Nc7+ 1-0

[Event "December 5 Early 2023"]
[Site "https://www.chess.com"]
[Date "2023.12.05"]
[Round "8"]
[White "Fernandez Sanchez, Mario Andres"]
[Black "Matrix3x3a"]
[Result "0-1"]
[Board "156"]
[TimeControl "180+1"]
[WhiteFideId "6501621"]
[WhiteElo "2231"]
[BlackElo "2425"]
[WhiteTeam "CRC"]
[WhiteClock "0:00:01"]
[BlackClock "0:00:14"]

1. d4 Nf6 2. Bf4 d5 3. Nc3 a6 4. e3 c5 5. Nf3 Nc6 6. Be2 cxd4 7. exd4 Bg4 8. Qd2 Bxf3 9. Bxf3 e6 10. O-O Bd6 11. Ne2 O-O 12. c3 Na5 13. Bxd6 Nc4 14. Qc2 Qxd6 15. Rfe1 Rfc8 16. a3 b5 17. Nc1 a5 18. Nd3 Nd7 19. Re2 b4 20. axb4 axb4 21. Ree1 bxc3 22. bxc3 Qc7 23. g3 Rcb8 24. Reb1 Nd6 25. Kg2 g6 26. h4 Rxa1 27. Rxa1 Rc8 28. Rc1 Nb5 29. h5 Nxd4 30. Qd1 Nxf3 31. Qxf3 Ne5 32. Nxe5 Qxe5 33. hxg6 hxg6 34. Rc2 Rc4 35. Qd3 Kg7 36. Rc1 Qe4+ 37. Qxe4 Rxe4 38. Rc2 Rc4 39. Kf3 f5 40. Ke3 Kf6 41. Kd3 g5 42. Ra2 Ke5 43. Ra6 g4 44. Rb6 Re4 45. Ra6 f4 46. gxf4+ Rxf4 47. Ke3 Rf3+ 48. Ke2 Rxc3 49. Ra4 Rc4 50. Ra3 Re4+ 51. Kf1 Kf5 52. Ra8 Rf4 53. Rf8+ Ke5 54. Rg8 d4 55. Ke2 Ke4 56. Rg6 e5 57. Ke1 d3 58. Rd6 Rf3 59. Ra6 Kf5 60. Ra4 e4 61. Ra5+ Kf4 62. Ra8 g3 63. Rf8+ Ke5 64. Re8+ Kd4 65. Rd8+ Ke5 66. Re8+ Kd5 67. Rd8+ Kc6 68. Rc8+ Kd7 69. Re8 gxf2+ 0-1

[Event "December 5 Early 2023"]
[Site "https://www.chess.com"]
[Date "2023.12.05"]
[Round "8"]
[White "Mayaud, Raphael"]
[Black "Player, Edmund C"]
[Result "0-1"]
[Board "157"]
[TimeControl "180+1"]
[WhiteFideId "627151"]
[BlackFideId "406520"]
[WhiteElo "2418"]
[BlackElo "2227"]
[WhiteTeam "FRA"]
[BlackTeam "ENG"]
[WhiteClock "0:00:43"]
[BlackClock "0:00:20"]

1. d4 Nf6 2. Bg5 Ne4 3. Bf4 d5 4. e3 c5 5. Bd3 cxd4 6. exd4 Bf5 7. f3 e5 8. fxe4 dxe4 9. Bb5+ Nc6 10. Bxc6+ bxc6 11. Bxe5 c5 12. Ne2 cxd4 13. Qxd4 Qa5+ 14. b4 Bxb4+ 15. c3 Bc5 16. Qc4 Rc8 17. Qb3 O-O 18. Bd4 Bg4 19. Ng3 Bxd4 20. h3 Bxc3+ 21. Kf2 Bd4+ 22. Kf1 Rc1+ 0-1

[Event "December 5 Early 2023"]
[Site "https://www.chess.com"]
[Date "2023.12.05"]
[Round "8"]
[White "Miszler, Levente"]
[Black "Osmonbekov, Talaibek"]
[Result "0-1"]
[Board "158"]
[TimeControl "180+1"]
[WhiteFideId "763276"]
[BlackFideId "2017253"]
[WhiteElo "2417"]
[BlackElo "2201"]
[WhiteTeam "HUN"]
[BlackTeam "USA"]
[WhiteClock "0:02:26"]
[BlackClock "0:02:01"]

1. e4 c5 2. Nc3 Nc6 3. f4 e6 4. Nf3 d5 5. Bb5 Ne7 6. d4 a6 7. Bxc6+ Nxc6 8. exd5 exd5 9. dxc5 Bxc5 10. Qxd5 O-O 11. Qxd8 Rxd8 12. Bd2 Re8+ 13. Kd1 Bg4 14. Ne2 Rad8 15. Ke1 Bxf3 16. gxf3 Nd4 0-1